 Dungeon Crawl Stone Soup version 0.27.0-1-g7a089689b8 (webtiles) character file.

Game seed: 17775941979307119792

625 hatdisgam the Chopper (level 7, -6/61 HPs)
             Began as a Deep Dwarf Fighter on Aug 10, 2021.
             Was a Follower of Makhleb.
             Mangled by a troll (9 damage)
             ... on level 5 of the Dungeon.
             The game lasted 00:06:01 (2917 turns).

hatdisgam the Chopper (Deep Dwarf Fighter)          Turns: 2917, Time: 00:06:02

Health: -6/61      AC:  8    Str: 21    XL:     7   Next: 23%
Magic:  4/4        EV:  9    Int:  9    God:    Makhleb [*.....]
Gold:   154        SH: 10    Dex: 12    Spells: 6/6 levels left

rFire    + . .     SeeInvis .   a - +0 war axe
rCold    + . .     Faith    .   c - +0 kite shield
rNeg     . . .     Spirit   .   b - +0 scale mail
rPois    .         Reflect  .   s - +0 helmet
rElec    .         Harm     .   (no cloak)
rCorr    .         Rampage  .   (no gloves)
Will     +....                  (no boots)
Stlth    ..........             (no amulet)
HPRegen  0.00/turn              p - ring of protection from fire
MPRegen  0.09/turn              m - ring of protection from cold

@: hasted, very quick
A: damage resistance, heal wounds, sense surroundings 1, no regeneration
a: Heal Wounds, Renounce Religion


You were on level 5 of the Dungeon.
You worshipped Makhleb.
Makhleb was aware of your devotion.
You visited 2 branches of the dungeon, and saw 6 of its levels.

You collected 154 gold pieces.

Inventory:

Hand Weapons
 a - a +0 war axe (weapon)
Armour
 b - a +0 scale mail (worn)
 c - a +0 kite shield (worn)
 s - a +0 helmet (worn)
Jewellery
 m - a ring of protection from cold (right hand)
 p - a ring of protection from fire (left hand)
Wands
 t - a wand of paralysis (9)
Scrolls
 f - a scroll of brand weapon {unknown}
 g - a scroll of blinking {unknown}
 h - 3 scrolls of teleportation
 j - 2 scrolls of fear {unknown}
 k - a scroll of amnesia {unknown}
 l - 2 scrolls of magic mapping {unknown}
 o - a scroll of vulnerability {unknown}
 r - 3 scrolls of identify
 u - a scroll of summoning {unknown}
Potions
 d - a potion of lignification {unknown}
 e - 4 potions of attraction
 i - 2 potions of mutation
 q - a potion of brilliance {unknown}


   Skills:
 - Level 2.6 Fighting
 * Level 6.4 Axes
 - Level 3.2 Armour
 + Level 3.9 Dodging
 + Level 5.4 Shields


You had 6 spell levels left.
You didn't know any spells.
Your spell library contained the following spells:

 Spells                   Type           Power      Damage    Failure   Level
 Passwall                 Tmut/Erth      0%         N/A       99%         2
 Slow                     Hex            0%         N/A       99%         2
 Confusing Touch          Hex            0%         N/A       100%        3
 Ozocubu's Armour         Ice            0%         N/A       100%        3
 Swiftness                Air            0%         N/A       100%        3
 Vampiric Draining        Necr           0%         2d6       100%        3
 Invisibility             Hex            0%         N/A       100%        6
 Ozocubu's Refrigeration  Ice            0%         4d5       100%        7


Dungeon Overview and Level Annotations

Branches:
Dungeon (5/15)             Temple (1/1) D:4

Altars:
Ashenzari
Cheibriados
Dithmenos
Elyvilon
Fedhas
Gozag
Hepliaklqana
Kikubaaqudgha
Makhleb
Nemelex Xobeh
Okawaru
Qazlal
Ru
Sif Muna
Trog
Uskayaw
Wu Jian
Xom
Yredelemnul
Zin
The Shining One


Innate Abilities, Weirdness & Mutations

You are resistant to damage.
You can heal yourself by infusing magical energy.
You passively map a small area around you.
You do not regenerate.


Message History

You feel a little less mighty now.
d - a golden potion A troll comes into view.
The troll shouts!
A troll is nearby!
A troll is nearby!
You feel yourself speed up.
You closely miss the troll. The troll bites you! The troll claws you!
You block the troll's attack.
You slash the troll!
The troll is moderately wounded.
You block the troll's attack. The troll claws you but does no damage.
The troll closely misses you.
You closely miss the troll.
The troll is moderately wounded.
The troll bites you!
* * * LOW HITPOINT WARNING * * *
The troll barely misses you. The troll claws you.
* * * LOW HITPOINT WARNING * * *
You slash the troll!
The troll is heavily wounded.
You hit the troll.
The troll is severely wounded.
The troll barely misses you. The troll closely misses you. The troll claws you.
* * * LOW HITPOINT WARNING * * *
You slash the troll!
The troll is almost dead.
The troll bites you but does no damage. The troll closely misses you.
You block the troll's attack.
You barely miss the troll.
The troll is almost dead.
The troll bites you!
* * * LOW HITPOINT WARNING * * *
The troll claws you!
* * * LOW HITPOINT WARNING * * *
The troll closely misses you.
You hit the troll but do no damage.
The troll is almost dead.
The troll bites you!
You die...

#..##.....................
#.................).#.....
##..##...#..........#.....
#.......##........< #...##
#.................(.....##
#...................##...
##........###....... .##
#####...## #.... .. *
*#...@#* ... ** ,
#..##T.......
,............... , ,
..##.##......... .
..,#......... , , ...
.......... , ...
.......... , ##.#....... ,
, , , *


You could see a troll.

Vanquished Creatures
  Eustachio (D:4)
  A sky beast (D:5)
  An ogre (D:5)
  A centaur (D:4)
  A scorpion (D:4)
  A hound (D:4)
  2 hound skeletons (D:4)
  5 adders
  2 worms (D:2)
  3 dart slugs
  5 orcs (D:5)
  6 ball pythons
  5 bats (D:2)
  6 endoplasms
  3 giant cockroaches
  11 goblins
  4 hobgoblins
  A jackal (D:2)
  7 kobolds
  3 quokkas
  5 frilled lizards
  A jackal skeleton (D:4)
  6 rats
81 creatures vanquished.

Notes
Turn   | Place    | Note
-------+----------+-------------------------------------------
     0 | D:1      | hatdisgam the Deep Dwarf Fighter began the quest for the
                  | Orb.
     0 | D:1      | Reached XP level 1. HP: 20/20 MP: 1/1
   335 | D:1      | Reached XP level 2. HP: 21/27 MP: 2/2
   662 | D:2      | Reached skill level 1 in Dodging
   679 | D:2      | Reached skill level 3 in Axes
   734 | D:2      | Reached XP level 3. HP: 10/33 MP: 3/3
  1077 | D:2      | Found a broken altar of Ashenzari.
  1097 | D:2      | Reached XP level 4. HP: 30/40 MP: 3/3
  1534 | D:3      | Noticed an ogre
  1857 | D:4      | Noticed a scorpion
  1864 | D:4      | Killed a scorpion
  1865 | D:4      | Reached skill level 4 in Axes
  1865 | D:4      | Reached XP level 5. HP: 16/46 MP: 4/4
  1875 | D:4      | Noticed Eustachio
  1895 | D:4      | Killed Eustachio
  1896 | D:4      | Reached skill level 5 in Axes
  1896 | D:4      | Reached XP level 6. HP: 16/55 MP: 5/5
  2030 | D:4      | Found a staircase to the Ecumenical Temple.
  2039 | Temple   | Entered the Ecumenical Temple
  2226 | Temple   | Became a worshipper of Makhleb the Destroyer
  2436 | D:4      | Reached skill level 5 in Shields
  2775 | D:5      | Entered Level 5 of the Dungeon
  2829 | D:5      | Reached * piety under Makhleb
  2831 | D:5      | Noticed a sky beast
  2842 | D:5      | Killed a sky beast
  2843 | D:5      | Reached skill level 6 in Axes
  2843 | D:5      | Reached XP level 7. HP: 21/61 MP: 4/4
  2906 | D:5      | Noticed a troll
  2916 | D:5      | HP: 3/61 [troll (6)]
  2917 | D:5      | Mangled by a troll

Illustrated notes

Levels and vault maps discovered:
D:1:      dpeg_arrival_boxes_within_box, layout_basic
D:2:      minmay_angry_zag, layout_loops_ring, basic_altar,
          ebering_dispersal_statue_hall, minmay_indecisive_spiral
D:3:      layout_basic, chequers_ecumenical_altar_island,
          kennysheep_generic_room_7
D:4:      minmay_razor_zed, layout_rooms, minmay_temple_entry_sparse_star,
          uniq_eustachio
D:5:      layout_cave_pools, uniq_crazy_yiuf_cottage, uniq_duvessa
Temple:   minmay_crystal_snake_temple

Skill      XL: |  1  2  3  4  5  6 |
---------------+-------------------+-----
Dodging        | 1 2 3 |  3.9
Axes           | 3 4 5 6 |  6.4
Shields        | 4 5 |  5.4
Fighting       | |  2.6
Armour         | |  3.2

Action                   |  1- 3 |  4- 6 |  7- 9 || total
-------------------------+-------+-------+-------++-------
Melee: War axe           |   116 |   155 |    11 ||   282
 Abil: Heal Wounds       |     1 |     2 |     1 ||     4
  Use: Scroll            |       |     4 |       ||     4
       Potion            |       |     2 |     1 ||     3
Armor: Scale mail        |    48 |    75 |     2 ||   125
Dodge: Dodged            |    28 |    81 |     8 ||   117
Block: Kite shield       |    65 |   118 |     3 ||   186
